 Dungeon Crawl Stone Soup version 0.26-a0-259-g1effd001a9 (webtiles) character file.

Game seed: 2225112402763303373

82 1player the Conjurer (level 4, 34/34 HPs)
             Began as a Gnoll Wanderer on July 7, 2020.
             Quit the game on level 2 of the Dungeon on July 15, 2020.
             The game lasted 00:07:49 (2362 turns).

1player the Conjurer (Gnoll Wanderer)               Turns: 2362, Time: 00:07:49

Health: 34/34      AC:  3    Str: 15    XL:     4   Next: 43%
Magic:  8/8        EV: 11    Int: 13    God:
Gold:   85         SH:  0    Dex: 16    Spells: 6/9 levels left

rFire    . . .     SeeInvis .   a - +0 hand axe
rCold    . . .     Faith    .   (no shield)
rNeg     . . .     Spirit   .   k - +0 leather armour
rPois    .         Reflect  .   (no helmet)
rElec    .         Harm     .   (no cloak)
rCorr    .                      (no gloves)
MR       .....                  (no boots)
Stlth    ++........             (no amulet)
HPRegen  0.11/turn              (no ring)
MPRegen  0.11/turn              (no ring)

@: no status effects
A: distributed training, fangs 1, strong nose
a: no special abilities


You were on level 2 of the Dungeon.
You were not hungry.

You visited 1 branch of the dungeon, and saw 2 of its levels.

You collected 85 gold pieces.

Inventory:

Hand Weapons
 a - a +0 hand axe (weapon)
Missiles
 f - 40 stones (quivered)
 n - 25 sling bullets
Armour
 k - a +0 leather armour (worn)
Jewellery
 i - an uncursed amulet of regeneration {unknown}
Scrolls
 g - 2 scrolls of identify {@r1}
 j - 2 scrolls of remove curse {@r2}
 m - a scroll of teleportation {unknown}
Potions
 h - a potion of mutation {!q}
 l - a potion of berserk rage {unknown}
Comestibles
 e - 3 rations {!d}


   Skills:
 + Level 2.7 Fighting
 + Level 1.1 Short Blades
 + Level 1.1 Long Blades
 + Level 4.6 Axes
 + Level 1.1 Maces & Flails
 + Level 1.1 Polearms
 + Level 1.1 Staves
 + Level 1.1 Slings
 + Level 1.1 Bows
 + Level 1.1 Crossbows
 + Level 1.1 Throwing
 + Level 1.1 Armour
 + Level 1.1 Dodging
 + Level 1.1 Stealth
 + Level 2.7 Shields
 + Level 1.1 Unarmed Combat
 + Level 3.0 Spellcasting
 + Level 5.4 Conjurations
 + Level 0.8 Hexes
 + Level 0.8 Charms
 + Level 0.8 Summonings
 + Level 0.8 Necromancy
 + Level 2.2 Translocations
 + Level 0.8 Transmutations
 + Level 0.8 Fire Magic
 + Level 0.8 Ice Magic
 + Level 0.8 Air Magic
 + Level 0.8 Earth Magic
 + Level 0.8 Poison Magic
 + Level 1.2 Invocations
 + Level 2.7 Evocations


You had 6 spell levels left.
You knew the following spells:

 Your Spells              Type           Power        Failure   Level
a - Blink                 Tloc           N/A          17%         2
q - Shock                 Conj/Air       ##..         8%          1

Your spell library contained the following spells:

 Spells                   Type           Power        Failure   Level
 Shroud of Golubria       Chrm/Tloc      #.....       22%         2
 Dazzling Flash           Conj/Hex       ##....       22%         3
 Gell's Gravitas          Tloc           #.........   34%         3
 Lesser Beckoning         Tloc           #.........   34%         3
 Teleport Other           Tloc           #.......     34%         3
 Passage of Golubria      Tloc           N/A          75%         4


Dungeon Overview and Level Annotations

Branches:
Dungeon (2/15)

Altars:


Innate Abilities, Weirdness & Mutations

Your experience applies equally to all skills.
You have very sharp teeth.
Your uncanny sense of smell can sniff out nearby items.


Message History

The adder is almost dead.
The adder barely misses you. The adder closely misses you.
You hit the adder.
You kill the adder!
Your Spellcasting skill increases to level 3!
You see here an adder corpse.
You start resting.
Magic restored.
You see here an adder corpse.
Found a stone staircase leading up.
Done exploring.
Done exploring.
Saving game... please wait.
Welcome back, 1player the Gnoll Wanderer.
Press ? for a list of commands and other information.
Welcome back, 1player the Gnoll Wanderer.
Press ? for a list of commands and other information.
Welcome back, 1player the Gnoll Wanderer.
Press ? for a list of commands and other information.
Are you sure you want to abandon this character and quit the game? (Confirm with "yes".)

##.#.###.#.####....#
# #.....#..#.#
#....# #
##....#.##.# ######
# #.#.......# #
#.#..#.#..####
#......#.....#
########.###.#
#.###.# #.@...#
###########
#.........#
#.......<.#
#.........#
#.........#
#.........#
#.........#
#.........#


There were no monsters in sight!

Vanquished Creatures
  3 adders (D:2)
  An ooze (D:1)
  A worm (D:2)
  2 dart slugs (D:1)
  A leopard gecko (D:1)
  A ball python (D:1)
  3 bats (D:2)
  4 giant cockroaches
  6 goblins
  4 hobgoblins (D:2)
  2 jackals (D:2)
  A quokka (D:2)
  2 frilled lizards (D:1)
  7 kobolds
  4 rats
42 creatures vanquished.

Notes
Turn   | Place    | Note
-------+----------+-------------------------------------------
     0 | D:1      | 1player the Gnoll Wanderer began the quest for the Orb.
     0 | D:1      | 1player set off with the following items: a +0 hand axe, a
                  | +0 robe, a ration {!d}; and the following spell memorised:
                  | Shock; and the following spells available to memorise:
                  | Blink, Shroud of Golubria, Dazzling Flash, Gell's Gravitas,
                  | Lesser Beckoning, Teleport Other, Passage of Golubria
     0 | D:1      | Reached XP level 1. HP: 17/17 MP: 4/4
   369 | D:1      | Reached XP level 2. HP: 22/23 MP: 5/5
   778 | D:1      | Learned a level 2 spell: Blink
   790 | D:1      | Reached XP level 3. HP: 28/28 MP: 5/7
  1703 | D:2      | Reached skill level 1 in Invocations
  1798 | D:2      | Reached skill level 1 in Short Blades
  1798 | D:2      | Reached skill level 1 in Long Blades
  1798 | D:2      | Reached skill level 1 in Maces & Flails
  1798 | D:2      | Reached skill level 1 in Polearms
  1798 | D:2      | Reached skill level 1 in Staves
  1798 | D:2      | Reached skill level 1 in Slings
  1798 | D:2      | Reached skill level 1 in Bows
  1798 | D:2      | Reached skill level 1 in Crossbows
  1798 | D:2      | Reached skill level 1 in Throwing
  1798 | D:2      | Reached skill level 1 in Armour
  1798 | D:2      | Reached skill level 1 in Dodging
  1798 | D:2      | Reached skill level 1 in Stealth
  1798 | D:2      | Reached skill level 1 in Unarmed Combat
  1879 | D:2      | Reached XP level 4. HP: 34/34 MP: 1/8
  2362 | D:2      | Upgraded the game from 0.26-a0-228-g29f007ebfe to
                  | 0.26-a0-259-g1effd001a9
  2362 | D:2      | Quit the game

Illustrated notes

Levels and vault maps discovered:
D:1:      dpeg_arrival_three_same_balls, layout_basic
D:2:      layout_basic

Skill      XL: |  1  2  3  4 |
---------------+-------------+-----
Translocations | 2 |  2.2
Invocations    | 1 |  1.2
Short Blades   | 1 |  1.1
Long Blades    | 1 |  1.1
Maces & Flails | 1 |  1.1
Polearms       | 1 |  1.1
Staves         | 1 |  1.1
Slings         | 1 |  1.1
Bows           | 1 |  1.1
Crossbows      | 1 |  1.1
Throwing       | 1 |  1.1
Armour         | 1 |  1.1
Dodging        | 1 |  1.1
Stealth        | 1 |  1.1
Unarmed Combat | 1 |  1.1
Spellcasting   | 3 |  3.0
Fighting       | |  2.7
Axes           | |  4.6
Shields        | |  2.7
Conjurations   | |  5.4
Hexes          | |  0.8
Charms         | |  0.8
Summonings     | |  0.8
Necromancy     | |  0.8
Transmutations | |  0.8
Fire Magic     | |  0.8
Ice Magic      | |  0.8
Air Magic      | |  0.8
Earth Magic    | |  0.8
Poison Magic   | |  0.8
Evocations     | |  2.7

Action                   |  1- 3 |  4- 6 || total
-------------------------+-------+-------++-------
Melee: Hand axe          |    36 |     2 ||    38
       Bite              |     1 |       ||     1
Throw: Stone             |     1 |       ||     1
 Cast: Shock             |    40 |    15 ||    55
       Blink             |       |     1 ||     1
  Use: Scroll            |     2 |       ||     2
  Eat: Ration            |     1 |     1 ||     2
Armor: Robe              |     3 |       ||     3
       Leather armour    |     1 |       ||     1
Dodge: Dodged            |    21 |     2 ||    23

Table legend:
 A = Non-vault XP
 B = Vault XP
 C = Vault XP percentage of total XP
 D = Non-vault monster count
 E = Vault monster count
 F = Vault count percentage of total count
                 A         B        C        D         E       F
            +---------+---------+-------+---------+---------+-------
      Total |     118 |       0 |   0.0 |      42 |       0 |   0.0
            +---------+---------+-------+---------+---------+-------
        D:1 |      41 |       0 |   0.0 |      18 |       0 |   0.0
        D:2 |      77 |       0 |   0.0 |      24 |       0 |   0.0
            +---------+---------+-------+---------+---------+-------
